AoeStats
← Who am I

Arena

509543335Analyzed
4v4 RM · 6d ago on Sep 27, 2026· 38m 51s· 8 players
Game mode
Random Map
Map size
Large (8 player)
Population
200
Speed
Normal
Resources
Standard
Victory
Conquest
Starting age
Dark Age
Ending age
Imperial Age
RankedLock teamsTeams togetherTeam positionsShared explorationLock speedFull tech treeHidden civsTurbo modeCheats
Victory
Defeat
🇵🇪 Danes · Peru
1355
+12
🇩🇪 Bohemians · Germany
1325
+13
🇩🇪 Saxons · Germany
1320
+13
🇵🇪 Varangians · Peru
1296
+14
🇺🇸 Gurjaras · United States
1295
-15
🇺🇸 Slavs · United States
1270
-13
🇺🇸 Bohemians · United States
1246
-13
🇲🇽 Teutons · Mexico
1217
-11
Nova_Wolf
10:27 Feudal Age
11:29 Loom
15:24 Castle Age
16:00 Double-Bit Axe
15:57 Horse Collar
25:33 Wheelbarrow
29:31 Imperial Age
28:12 Bloodlines
28:14 Forging
28:56 Gold Mining
29:59 Scale Barding Armor
30:35 Iron Casting
29:53 Fletching
29:35 Cavalier
30:34 Heavy Plow
31:10 Conscription
32:21 Chemistry
33:17 Blast Furnace
32:38 Chain Barding Armor
33:05 Bow Saw
34:13 Paladin
35:49 Fortified Wall
35:51 Masonry
36:42 Plate Barding Armor
HP2025
10:10 Feudal Age
10:13 Loom
14:30 Castle Age
13:28 Horse Collar
13:41 Double-Bit Axe
25:29 Bow Saw
25:20 Heavy Plow
26:34 Wheelbarrow
30:18 Imperial Age
28:40 Padded Archer Armor
30:39 Chemistry
30:00 Leather Archer Armor
30:50 Wagenburg Tactics
33:17 Conscription
bugg9
10:07 Feudal Age
14:18 Castle Age
12:22 Double-Bit Axe
12:36 Horse Collar
15:12 Bow Saw
25:14 Wheelbarrow
26:52 Gold Mining
31:23 Imperial Age
29:14 Bloodlines
29:05 Husbandry
29:14 Town Watch
30:07 Scale Barding Armor
30:13 Forging
30:06 Husbandry
31:03 Hand Cart
32:32 Chain Barding Armor
32:40 Loom
32:24 Heavy Camel Rider
33:45 Chain Barding Armor
34:01 Iron Casting
34:18 Town Watch
Lonach
11:03 Feudal Age
15:23 Castle Age
13:33 Double-Bit Axe
13:56 Horse Collar
16:17 Gold Mining
16:37 Heavy Plow
21:23 Loom
22:13 Man-at-Arms
22:55 Long Swordsman
26:45 Forging
26:35 Scale Mail Armor
28:43 Gold Shaft Mining
28:01 Stone Mining
29:14 Wheelbarrow
32:18 Imperial Age
30:33 Chain Mail Armor
32:10 Iron Casting
31:17 Pikeman
31:58 Squires
32:27 Two-Handed Swordsman
33:40 Plate Mail Armor
34:52 Blast Furnace
33:31 Capped Ram
33:47 Cavalier
34:38 Bloodlines
34:51 Siege Ram
35:54 Onager
35:54 Heavy Scorpion
37:15 Ballistics
37:55 Chemistry
37:53 Gold Shaft Mining
37:29 Heavy Scorpion
Dragon
7:15 Loom
10:23 Feudal Age
16:31 Castle Age
15:56 Double-Bit Axe
15:53 Horse Collar
18:53 Wheelbarrow
18:35 Bow Saw
18:43 Heavy Plow
26:08 Gambesons
26:23 Squires
30:26 Imperial Age
28:44 Crossbowman
30:56 Fletching
31:06 Padded Archer Armor
32:20 Chemistry
31:43 Ballistics
30:47 Arbalester
32:08 Conscription
32:33 Thumb Ring
32:43 Bodkin Arrow
33:04 Leather Archer Armor
33:23 Siege Engineers
34:49 Elite Hearth Troop
35:32 Bracer
36:03 Ring Archer Armor
37:30 Heavy Mounted Crossbowman
37:30 Cranequins
39:30 Fortified Wall
39:11 Guard Tower
39:06 Arrowslits
38:45 Shield Wall
Who am I
10:44 Feudal Age
14:27 Castle Age
12:36 Double-Bit Axe
12:40 Horse Collar
16:08 Wheelbarrow
16:20 Bow Saw
18:58 Fervor
20:49 Hand Cart
22:17 Heavy Plow
24:25 Loom
26:38 Chemistry
29:56 Imperial Age
28:49 Chemistry
28:03 Squires
28:38 Scale Mail Armor
28:48 Forging
28:38 Pikeman
29:54 Sanctity
29:58 Wagenburg Tactics
32:03 Two-Man Saw
31:23 Chain Mail Armor
32:45 Fortified Wall
32:32 Arson
33:20 Halberdier
34:19 Siege Engineers
37:16 Iron Casting
zFenix095z
10:04 Feudal Age
14:08 Castle Age
12:11 Horse Collar
13:18 Double-Bit Axe
14:38 Wheelbarrow
14:58 Bow Saw
15:30 Heavy Plow
22:51 Scale Barding Armor
24:01 Chain Barding Armor
24:59 Hand Cart
26:03 Gold Mining
28:55 Imperial Age
27:25 Forging
27:09 Loom
27:10 Town Watch
28:00 Husbandry
27:57 Stone Mining
29:51 Iron Casting
29:27 Bloodlines
29:00 Capped Ram
29:11 Cavalier
30:35 Plate Barding Armor
30:32 Siege Ram
32:42 Blast Furnace
33:30 Vendel Legacy
Wolfang
10:13 Feudal Age
11:59 Loom
15:34 Castle Age
13:53 Double-Bit Axe
15:19 Loom
16:25 Bow Saw
19:39 Wheelbarrow
20:27 Scale Mail Armor
28:31 Hand Cart
31:28 Horse Collar
32:35 Gold Mining
37:01 Imperial Age
34:51 Arson
35:07 Squires
36:04 Chain Mail Armor
36:00 Forging
37:14 Gambesons
37:43 Heavy Plow
37:29 Town Watch
37:07 Capped Ram
38:21 Plate Mail Armor
38:39 Siege Ram
Connection lost

Rejoining the realm…

Still unreachable

The connection could not be restored.

Session expired

The server has moved on; the page needs a fresh start.